 Dungeon Crawl Stone Soup version 0.19-a0-1456-gc747e27 (webtiles) character file.

99 Ryco the Ducker (level 4, 0/44 HPs)
             Began as a Troll Monk on Sept 6, 2016.
             Slain by a hound (5 damage)
             ... on level 4 of the Dungeon.
             The game lasted 00:07:39 (1134 turns).

Ryco the Ducker (Troll Monk)                        Turns: 1134, Time: 00:07:39

Health: 0/44       AC:  5    Str: 20    XL:     4   Next: 45%
Magic:  3/3        EV: 11    Int:  6    God:
Gold:   74         SH:  0    Dex: 12    Spells: 0 memorised, 3 levels left

rFire  . . .     SeeInvis .     a - +0 mace
rCold  . . .     Gourm    +     b - +0 robe
rNeg   . . .     Faith    .     (no shield)
rPois  .         Spirit   .     (helmet restricted)
rElec  .         Dismiss  .     (no cloak)
rCorr  .         Reflect  .     (gloves unavailable)
MR     .....     Harm     .     (boots unavailable)
Stlth  +.........               (no amulet)
                                (no ring)
                                (no ring)

@: drained
A: unfitting armour, claws 3, fast metabolism 3, gourmand, regeneration 1,
shaggy fur 1, tough skin 2
a: no special abilities


You were on level 4 of the Dungeon.
You were full.

You visited 1 branch of the dungeon, and saw 4 of its levels.

You collected 74 gold pieces.

Inventory:

Hand Weapons
 a - a +0 mace (weapon)
Armour
 b - a +0 robe (worn)
Scrolls
 d - 2 scrolls of identify
 e - a scroll of teleportation {unknown}
 f - a scroll of enchant weapon {unknown}
 i - a scroll of fear {unknown}
 j - a scroll of amnesia {unknown}
Potions
 g - a potion of curing
 h - a potion of heal wounds {unknown}
Comestibles
 c - 2 bread rations


   Skills:
 + Level 2.7(2.2) Fighting
 * Level 3.4(2.9) Maces & Flails
 * Level 3.6(3.0) Dodging
 - Level 1.1(0.6) Stealth


You had 3 spell levels left.
You didn't know any spells.

Dungeon Overview and Level Annotations

Branches:
Dungeon (4/15)
 Temple: D:4-7

Altars:
Zin


Innate Abilities, Weirdness & Mutations

You are too large for most types of armour.
You have claws for hands.
Your metabolism is lightning-fast.
You like to eat raw meat.
Your natural rate of healing is unusually fast.
You are covered in fur. (AC +1)
You have very tough skin. (AC +2)


Message History

* * * LOW HITPOINT WARNING * * *
The hound bites you.
* * * LOW HITPOINT WARNING * * *
You completely miss the hound. The hound barely misses you. x2
You miss the hound. The hound barely misses you.
The hound bites you but does no damage.
You hit the hound but do no damage. The hound barely misses you.
The hound closely misses you.
You hit the hound but do no damage. The hound bites you.
* * * LOW HITPOINT WARNING * * *
You hit the hound.
The hound is moderately wounded.
The hound stops to sniff the ground.
The hound barely misses you. The hound bites you but does no damage.
You closely miss the hound.
The hound is moderately wounded.
The hound bites you.
* * * LOW HITPOINT WARNING * * *
The hound bites you.
You die...

#### #..
#.# #h#
#@########
#........#
########.#
#.# #.#
#.# #.# #
#.# #. #.#


You could see a hound.

Vanquished Creatures
  Natasha (D:4)
  A gnoll (D:1)
  2 adders (D:2)
  A worm (D:2)
  A dart slug (D:3)
  A giant gecko (D:2)
  2 orcs (D:3)
  4 bats
  3 giant cockroaches
  4 goblins
  2 hobgoblins (D:1)
  3 jackals (D:1)
  A quokka (D:3)
  2 giant newts
  7 kobolds
  4 rats
39 creatures vanquished.

Notes
Turn   | Place    | Note
-------+----------+-------------------------------------------
     0 | D:1      | Ryco the Troll Monk began the quest for the Orb.
     0 | D:1      | Reached XP level 1. HP: 22/22 MP: 0/0
    45 | D:2      | Found a glowing silver altar of Zin.
   122 | D:2      | Reached XP level 2. HP: 11/29 MP: 1/1
   287 | D:1      | Reached XP level 3. HP: 30/36 MP: 2/2
   834 | D:1      | Reached XP level 4. HP: 33/44 MP: 3/3
  1089 | D:4      | Noticed Natasha
  1110 | D:4      | HP: 2/44 [Natasha/magic dart (8)]
  1119 | D:4      | Killed Natasha
  1134 | D:4      | Slain by a hound

Vault maps used:
D:1:      lemuel_arrival_behind_the_door_small, minivault_11
D:2:      lemuel_crystal_altar
D:3:      nicolae_qazlal_style_of_elements, first_bread, grunt_ministairs_6
D:4:      black_bear_nest_1, marbit_many_paths, serial_shops, shop,
          nicolae_gozag_seed_capital, uniq_menkaure, uniq_natasha

Skill      XL: |  1  2  3 |
---------------+----------+-----
Maces & Flails | 3 |  3.4
Dodging        | 3 |  3.6
Fighting       | |  2.7
Stealth        | |  1.1

Action                   |  1- 3 |  4- 6 || total
-------------------------+-------+-------++-------
Melee: Mace              |   143 |    44 ||   187
  Use: Potion            |       |     3 ||     3
       Scroll            |       |     2 ||     2
 Stab: Sleeping          |     3 |       ||     3
  Eat: Chunk             |    13 |     1 ||    14
Armor: Robe              |    95 |    26 ||   121
Dodge: Dodged            |   111 |    37 ||   148
